PIO (24 & UNDER)
CHULA VISTA TACOS @ SEATTLE RAINIERS
06/03/2025
 
TOP OF THE 1ST
Chula Vista Tacos batting - Pitching for Seattle Rainiers : RHP Dani Vásquez
Pitching: RHP Dani Vásquez
Batting: LHB Gonzalo Benítez 0-0: Ball
1-0: Ball
2-0: Called Strike
2-1: Called Strike
2-2: Ball
3-2: Base on Balls
Batting: RHB John Nelson 0-0: Called Strike
0-1: SINGLE (Line Drive, 7S)
Gonzalo Benítez to second
Batting: LHB Ray Bryant 0-0: Called Strike
0-1: Ball
1-1: Ball
Error on foul ball, E3
2-2: Foul Ball, location: 2F
2-2: Ball
3-2: Grounds into double play, U4-3 (Groundball, 4)
Gonzalo Benítez to third
Batting: LHB Karl Hill 0-0: Called Strike
0-1: Ball
1-1: Ball
2-1: Ball
Wild Pitch!
Gonzalo Benítez scores
3-1: Called Strike
3-2: Base on Balls
Batting: SHB Walt Rodgers 0-0: Called Strike
0-1: Ball
1-1: Swinging Strike
1-2: Fly out, F7 (Flyball, 78S)
Top of the 1st over - 1 run(s), 1 hit(s), 1 error(s), 1 left on base; Chula Vista 1 - Seattle 0
BOTTOM OF THE 1ST
Seattle Rainiers batting - Pitching for Chula Vista Tacos : RHP Roberto Carrillo
Pitching: RHP Roberto Carrillo
Batting: RHB Enrique Mendoza 0-0: Ball
1-0: Called Strike
1-1: Ground out 6-3 (Groundball, 6M)
Batting: LHB Brian Boone 0-0: Foul Ball, location: 2F
0-1: Ball
1-1: Ball
2-1: SINGLE (Groundball, 6MD)
Batting: RHB Robert Marks 0-0: Called Strike
0-1: Ball
1-1: Ball
2-1: Foul Ball, location: 2F
2-2: Ball
Brian Boone is caught stealing 2nd base
3-2: Base on Balls
Batting: RHB Jorge Colón 0-0: Ball
1-0: Ground out U3 (Groundball, 3)
Bottom of the 1st over - 0 run(s), 1 hit(s), 0 error(s), 1 left on base; Chula Vista 1 - Seattle 0
TOP OF THE 2ND
Chula Vista Tacos batting - Pitching for Seattle Rainiers : RHP Dani Vásquez
Batting: SHB Michael Aisher 0-0: Ball
1-0: Ball
2-0: Ball
3-0: Called Strike
3-1: Called Strike
3-2: Base on Balls
Batting: RHB José Oliveira 0-0: Ball
1-0: Ball
2-0: Foul Ball, location: 2F
2-1: Fly out, F5 (Popup, 25F)
Batting: LHB Michael Myers 0-0: Ball
1-0: Called Strike
1-1: Ball
2-1: Called Strike
Michael Aisher steals 2nd base
2-2: Fly out, F7 (Flyball, 7LM)
Batting: RHB Manny Torrez 0-0: Called Strike
0-1: SINGLE (Line Drive, 6MD)
Michael Aisher to third
Runner from 3rd tries for Home, SAFE, no throw or cutoff
Batting: LHB Gonzalo Benítez 0-0: Ball
Manny Torrez is caught stealing 2nd base
Top of the 2nd over - 1 run(s), 1 hit(s), 0 error(s), 0 left on base; Chula Vista 2 - Seattle 0
BOTTOM OF THE 2ND
Seattle Rainiers batting - Pitching for Chula Vista Tacos : RHP Roberto Carrillo
Batting: RHB Jorge Montoya 0-0: Called Strike
0-1: Ball
1-1: Ball
2-1: Swinging Strike
2-2: Ball
3-2: Foul Ball, location: 2F
3-2: Foul Ball, location: 2F
3-2: Ground out 4-3 (Groundball, 4M)
Batting: SHB Vicente Pagán 0-0: Foul Ball, location: 2F
0-1: Ground out 3-1 (Groundball, 34)
Batting: RHB Eugene Jefferson 0-0: Ball
1-0: Ball
2-0: Ball
3-0: Base on Balls
Batting: RHB Jeremiah Soto 0-0: Called Strike
0-1: Ball
1-1: Called Strike
1-2: Fly out, F9 (Flyball, 89M)
Bottom of the 2nd over - 0 run(s), 0 hit(s), 0 error(s), 1 left on base; Chula Vista 2 - Seattle 0
TOP OF THE 3RD
Chula Vista Tacos batting - Pitching for Seattle Rainiers : RHP Dani Vásquez
Batting: LHB Gonzalo Benítez 0-0: Called Strike
0-1: SINGLE (Line Drive, 8LS)
Batting: RHB John Nelson 0-0: Ball
Gonzalo Benítez steals 2nd base
1-0: Foul Ball, location: 2F
1-1: Fly out, F8 (Line Drive, 8LM)
Batting: LHB Ray Bryant 0-0: Ball
1-0: Called Strike
1-1: Ball
2-1: Called Strike
2-2: Foul Ball, location: 2F
2-2: Ball
3-2: Foul Ball, location: 2F
3-2: Base on Balls
Batting: LHB Karl Hill 0-0: Called Strike
0-1: Called Strike
0-2: SINGLE (Line Drive, 78M)
Gonzalo Benítez to third
Ray Bryant to second
Batting: SHB Walt Rodgers 0-0: Called Strike
0-1: Foul Ball, location: 2F
0-2: Ball
1-2: Ball
2-2: Ball
3-2: Ground out 4-3 (Groundball, 4M)
Gonzalo Benítez scores
Ray Bryant to third
Karl Hill to second
Batting: SHB Michael Aisher 0-0: Ball
1-0: Ball
2-0: Fly out, F8 (Flyball, 8LM)
Top of the 3rd over - 1 run(s), 2 hit(s), 0 error(s), 2 left on base; Chula Vista 3 - Seattle 0
BOTTOM OF THE 3RD
Seattle Rainiers batting - Pitching for Chula Vista Tacos : RHP Roberto Carrillo
Batting: RHB Bill Dawson 0-0: Called Strike
0-1: Ball
1-1: Ball
2-1: Ground out 4-3 (Groundball, 4)
Batting: RHB Enrique Mendoza 0-0: Called Strike
0-1: Bunted foul
0-2: Strikes out looking
Batting: LHB Brian Boone 0-0: Ball
1-0: Called Strike
1-1: Ground out 3-1 (Groundball, 34)
Bottom of the 3rd over - 0 run(s), 0 hit(s), 0 error(s), 0 left on base; Chula Vista 3 - Seattle 0
TOP OF THE 4TH
Chula Vista Tacos batting - Pitching for Seattle Rainiers : RHP Dani Vásquez
Batting: RHB José Oliveira 0-0: Ball
1-0: Ball
2-0: Foul Ball, location: 2F
2-1: Foul Ball, location: 2F
2-2: Hit by Pitch
Batting: LHB Michael Myers 0-0: Fly out, F8 (Flyball, 8LM)
Batting: RHB Manny Torrez 0-0: Foul Ball, location: 2F
0-1: Ball
1-1: Foul Ball, location: 2F
1-2: Strikes out swinging
Batting: LHB Gonzalo Benítez 0-0: Hit by Pitch
José Oliveira to second
Batting: RHB John Nelson 0-0: Ball
Wild Pitch!
José Oliveira to third
Gonzalo Benítez to second
1-0: Called Strike
1-1: Called Strike
1-2: Foul Ball, location: 2F
1-2: Ball
2-2: Ball
3-2: Foul Ball, location: 2F
3-2: Base on Balls
Pitching: LHP William Gordon
Batting: LHB Ray Bryant 0-0: Swinging Strike
0-1: Ball
1-1: Foul Ball, location: 2F
1-2: Ball
2-2: Ball
3-2: Base on Balls
José Oliveira scores
Gonzalo Benítez to third
John Nelson to second
Batting: LHB Karl Hill 0-0: Ground out 4-3 (Groundball, 34)
Top of the 4th over - 1 run(s), 0 hit(s), 0 error(s), 3 left on base; Chula Vista 4 - Seattle 0
BOTTOM OF THE 4TH
Seattle Rainiers batting - Pitching for Chula Vista Tacos : RHP Roberto Carrillo
Batting: RHB Robert Marks 0-0: Called Strike
0-1: Fly out, F7 (Line Drive, 7M)
Batting: RHB Jorge Colón 0-0: Ball
1-0: Foul Ball, location: 2F
1-1: Foul Ball, location: 2F
1-2: Ball
2-2: Foul Ball, location: 2F
2-2: Foul Ball, location: 2F
2-2: Strikes out looking
Batting: RHB Jorge Montoya 0-0: Called Strike
0-1: Fly out, F7 (Flyball, 7M)
Bottom of the 4th over - 0 run(s), 0 hit(s), 0 error(s), 0 left on base; Chula Vista 4 - Seattle 0
TOP OF THE 5TH
Chula Vista Tacos batting - Pitching for Seattle Rainiers : LHP William Gordon
Batting: SHB Walt Rodgers 0-0: Called Strike
0-1: Ball
1-1: Ball
2-1: Foul Ball, location: 2F
2-2: Strikes out swinging
Batting: SHB Michael Aisher 0-0: Foul Ball, location: 2F
0-1: DOUBLE (Line Drive, 3L)
Batting: RHB José Oliveira 0-0: Intentional Walk
Batting: LHB Michael Myers 0-0: Foul Ball, location: 2F
0-1: Fly out, F8 (Flyball, 8LM)
Batting: RHB Manny Torrez 0-0: Called Strike
0-1: Swinging Strike
0-2: Foul Ball, location: 2F
0-2: Ball
1-2: Strikes out swinging
Top of the 5th over - 0 run(s), 1 hit(s), 0 error(s), 2 left on base; Chula Vista 4 - Seattle 0
BOTTOM OF THE 5TH
Seattle Rainiers batting - Pitching for Chula Vista Tacos : RHP Roberto Carrillo
Batting: SHB Vicente Pagán 0-0: Fly out, F7 (Flyball, 78M)
Batting: RHB Eugene Jefferson 0-0: Called Strike
0-1: Ground out 1-3 (Groundball, 15)
Batting: RHB Jeremiah Soto 0-0: Ball
1-0: Ball
2-0: Ball
3-0: Called Strike
3-1: Foul Ball, location: 2F
3-2: Foul Ball, location: 2F
3-2: Base on Balls
Batting: RHB Bill Dawson 0-0: Ball
Jeremiah Soto steals 2nd base
1-0: Ball
2-0: Ball
3-0: Called Strike
3-1: Called Strike
3-2: Fly out, F4 (Popup, 4M)
Bottom of the 5th over - 0 run(s), 0 hit(s), 0 error(s), 1 left on base; Chula Vista 4 - Seattle 0
TOP OF THE 6TH
Chula Vista Tacos batting - Pitching for Seattle Rainiers : LHP William Gordon
Batting: LHB Gonzalo Benítez 0-0: Ball
1-0: Ground out 4-3 (Groundball, 4)
Batting: RHB John Nelson 0-0: Ball
1-0: DOUBLE (Flyball, 7LM)
Batting: LHB Ray Bryant 0-0: Intentional Walk
Batting: LHB Karl Hill 0-0: Ball
John Nelson steals 3rd base
Ray Bryant to second
1-0: Intentional Walk
Batting: SHB Walt Rodgers 0-0: Ball
1-0: GRAND SLAM HOME RUN (Flyball, 78XD), Distance : 422 ft
Pitching: RHP Domingo García
Batting: SHB Michael Aisher 0-0: Called Strike
0-1: Swinging Strike
0-2: Ball
1-2: Strikes out looking
Batting: RHB José Oliveira 0-0: SINGLE (Line Drive, 78S)
Batting: LHB Michael Myers 0-0: Foul Ball, location: 2F
0-1: Swinging Strike
0-2: SINGLE (Line Drive, 56D)
José Oliveira to second
Batting: RHB Manny Torrez 0-0: Foul Ball, location: 2F
0-1: Ball
1-1: Fly out, F5 (Popup, 5)
Top of the 6th over - 4 run(s), 4 hit(s), 0 error(s), 2 left on base; Chula Vista 8 - Seattle 0
BOTTOM OF THE 6TH
Seattle Rainiers batting - Pitching for Chula Vista Tacos : RHP Roberto Carrillo
Batting: RHB Enrique Mendoza 0-0: Ball
1-0: Ball
2-0: Ground out 4-3 (Groundball, 4M)
Batting: LHB Brian Boone 0-0: Swinging Strike
0-1: Ball
1-1: Ball
2-1: Swinging Strike
2-2: Strikes out swinging
Batting: RHB Robert Marks 0-0: Fly out, F6 (Popup, 5)
Bottom of the 6th over - 0 run(s), 0 hit(s), 0 error(s), 0 left on base; Chula Vista 8 - Seattle 0
TOP OF THE 7TH
Chula Vista Tacos batting - Pitching for Seattle Rainiers : RHP Domingo García
Batting: LHB Gonzalo Benítez 0-0: Called Strike
0-1: Ball
1-1: Foul Ball, location: 2F
1-2: Strikes out looking
Batting: RHB John Nelson 0-0: Called Strike
0-1: Foul Ball, location: 2F
0-2: Ball
1-2: Foul Ball, location: 2F
1-2: Ball
2-2: Ground out 1-3 (Groundball, 15)
Batting: LHB Ray Bryant 0-0: Called Strike
0-1: Ball
1-1: Foul Ball, location: 2F
1-2: Foul Ball, location: 2F
1-2: Ball
2-2: Strikes out swinging
Top of the 7th over - 0 run(s), 0 hit(s), 0 error(s), 0 left on base; Chula Vista 8 - Seattle 0
BOTTOM OF THE 7TH
Seattle Rainiers batting - Pitching for Chula Vista Tacos : RHP Roberto Carrillo
Batting: RHB Jorge Colón 0-0: Ball
1-0: Called Strike
1-1: Called Strike
1-2: Fly out, F7 (Flyball, 7D)
Batting: RHB Jorge Montoya 0-0: Called Strike
0-1: Ball
1-1: Ball
2-1: Ball
3-1: Base on Balls
Pitching: LHP Luis Morales
Batting: SHB Vicente Pagán 0-0: Ball
1-0: Ball
2-0: Called Strike
2-1: Ball
3-1: Foul Ball, location: 2F
3-2: Fly out, F8 (Flyball, 78M)
Batting: RHB Eugene Jefferson 0-0: Called Strike
0-1: Ball
1-1: DOUBLE (Line Drive, 89D)
Jorge Montoya to third
Runner from 3rd tries for Home, SAFE, no throw or cutoff
Batting: RHB Jeremiah Soto 0-0: Ball
1-0: Ball
2-0: Ball
3-0: Base on Balls
Batting: RHB Bill Dawson 0-0: Swinging Strike
0-1: Foul Ball, location: 2F
0-2: Ball
1-2: Foul Ball, location: 2F
1-2: Ball
2-2: Ball
3-2: DOUBLE (Line Drive, 9LM)
Eugene Jefferson scores
Jeremiah Soto to third
Jeremiah Soto scores
Batting: RHB Enrique Mendoza 0-0: Ball
1-0: Fly out, F5 (Popup, 5DF)
Bottom of the 7th over - 3 run(s), 2 hit(s), 0 error(s), 1 left on base; Chula Vista 8 - Seattle 3
TOP OF THE 8TH
Chula Vista Tacos batting - Pitching for Seattle Rainiers : RHP Domingo García
Batting: LHB Karl Hill 0-0: Ball
1-0: Ball
2-0: Fly out, F6 (Popup, 5D)
Pitching: RHP Jeff Alexander
Batting: SHB Walt Rodgers 0-0: Ball
1-0: Fly out, F8 (Line Drive, 8RS)
Batting: SHB Michael Aisher 0-0: Called Strike
0-1: Ball
1-1: Ground out 5-3 (Groundball, 5S)
Top of the 8th over - 0 run(s), 0 hit(s), 0 error(s), 0 left on base; Chula Vista 8 - Seattle 3
BOTTOM OF THE 8TH
Seattle Rainiers batting - Pitching for Chula Vista Tacos : LHP Luis Morales
Batting: LHB Brian Boone 0-0: Ball
1-0: Foul Ball, location: 2F
1-1: Swinging Strike
1-2: Ball
2-2: Fly out, F8 (Flyball, 78S)
Batting: RHB Robert Marks 0-0: Called Strike
0-1: SINGLE (Line Drive, 6M)
Batting: RHB Jorge Colón 0-0: Ball
1-0: Grounds into double play, 6-4-3 (Groundball, 6)
Bottom of the 8th over - 0 run(s), 1 hit(s), 0 error(s), 0 left on base; Chula Vista 8 - Seattle 3
TOP OF THE 9TH
Chula Vista Tacos batting - Pitching for Seattle Rainiers : RHP Jeff Alexander
Batting: RHB José Oliveira 0-0: Ball
1-0: Swinging Strike
1-1: Foul Ball, location: 2F
1-2: Strikes out swinging
Batting: LHB Michael Myers 0-0: Foul Ball, location: 2F
0-1: Called Strike
0-2: Strikes out swinging
Batting: RHB Manny Torrez 0-0: Ball
1-0: Ball
2-0: Called Strike
2-1: Foul Ball, location: 2F
2-2: Strikes out looking
Top of the 9th over - 0 run(s), 0 hit(s), 0 error(s), 0 left on base; Chula Vista 8 - Seattle 3
BOTTOM OF THE 9TH
Seattle Rainiers batting - Pitching for Chula Vista Tacos : LHP Luis Morales
Batting: RHB Jorge Montoya 0-0: Fly out, F4 (Popup, 4MD)
Batting: SHB Vicente Pagán 0-0: Ball
1-0: Ball
2-0: Ball
3-0: Called Strike
3-1: Swinging Strike
3-2: Fly out, F5 (Line Drive, 5S)
Batting: RHB Eugene Jefferson 0-0: Ball
1-0: Ball
2-0: Swinging Strike
2-1: Foul Ball, location: 2F
2-2: Ball
3-2: Base on Balls
Batting: RHB Jeremiah Soto 0-0: Ball
1-0: Called Strike
1-1: Ball
2-1: Ball
3-1: Called Strike
3-2: Base on Balls
Eugene Jefferson to second
Batting: RHB Bill Dawson 0-0: Called Strike
0-1: Fly out, F8 (Flyball, 8LM)
Bottom of the 9th over - 0 run(s), 0 hit(s), 0 error(s), 2 left on base; Chula Vista 8 - Seattle 3
This league is powered by Out of the Park Baseball, the baseball management simulation game for PC, Mac and Linux
Tuesday, August 2nd, 2016 - OOTP Baseball 16.8 Build 38